 Dungeon Crawl Stone Soup version 0.19.0-2-gae57169 (webtiles) character file.

1615423 Charly the Cloud Mage (level 26, 212/212 HPs)
             Began as a Green Draconian Conjurer on Nov 5, 2016.
             Was the Champion of Vehumet.
             Escaped with the Orb
             ... and 3 runes!
             The game lasted 05:08:52 (75869 turns).

Charly the Cloud Mage (Green Draconian Conjurer)   Turns: 75869, Time: 05:08:53

Health: 212/212    AC: 23    Str: 15 (16) XL:     26   Next: 84%
Magic:  63/63      EV: 20    Int: 28 (30) God:    Vehumet [******]
Gold:   992        SH:  9    Dex: 17      Spells: 12 memorised, 7 levels left

rFire  . . .     SeeInvis +     a - staff of power
rCold  + + .     Gourm    +     (armour unavailable)
rNeg   . . .     Faith    .     i - +2 buckler of Rooddaul {rC+}
rPois  +         Spirit   .     H - +2 hat {Int+3}
rElec  .         Reflect  .     d - +2 cloak {+Inv}
rCorr  .         Harm     .     x - +2 pair of gloves {archery}
MR     +....                    P - +2 pair of boots
Stlth  +.........               S - amulet of the gourmand
                                U - ring of Meody {Str+5 Int+4 Dex+5 Stlth+}
                                c - ring of the Garden {rPois rC+ Slay+3 SInv}

@: deflect missiles
A: breathe noxious fumes, unfitting armour, stinger 1, clumsy 1, deterioration
1, dopey 1, poison resistance, screaming 1, cold-blooded, AC +12
a: Breathe Noxious Fumes, Renounce Religion, Evoke Invisibility
0: Orb of Zot
}: 3/15 runes: decaying, serpentine, slimy


You escaped.
You worshipped Vehumet.
Vehumet was exalted by your worship.
You were near starving.

You visited 11 branches of the dungeon, and saw 54 of its levels.
You also visited: Labyrinth, Ossuary and Wizlab.

You collected 4242 gold pieces.
You spent 3250 gold pieces at shops.

Inventory:

Missiles
 y - 4 throwing nets (quivered)
Armour
 d - a +2 cloak of invisibility (worn)
 i - the +2 buckler of Rooddaul (worn) {rC+}
   (You found it on level 1 of the Vaults)

   It protects you from cold.
 x - a +2 pair of gloves of archery (worn)
 H - a +2 hat of intelligence (worn)
 P - a +2 pair of boots (worn)
Magical Staves
 a - an uncursed staff of power (weapon)
 b - an uncursed staff of conjuration
Jewellery
 c - the ring of the Garden (left hand) {rPois rC+ Slay+3 SInv}
   (You took it off a deep elf high priest on level 3 of the Elven Halls)

   [ring of slaying]

   It affects your accuracy and damage with ranged weapons and melee attacks
   (+3).
   It protects you from cold.
   It protects you from poison.
   It lets you see invisible.
 e - the ring of Yrelas {rElec Str+4 Slay-4 SInv}
   (You bought it in a shop on level 1 of the Depths)

   [ring of see invisible]

   It affects your strength (+4).
   It affects your accuracy and damage with ranged weapons and melee attacks
   (-4).
   It insulates you from electricity.
   It lets you see invisible.
 f - an uncursed ring of protection from fire
 m - an uncursed ring of protection from magic
 n - an uncursed ring of positive energy
 G - an uncursed ring of fire
 I - the ring of Okhiffus {+Fly Str+4 Dex+6}
   (You found it on level 14 of the Dungeon)

   [ring of flight]

   It affects your strength (+4).
   It affects your dexterity (+6).
   It lets you fly.
 S - an amulet of the gourmand (around neck)
 U - the ring of Meody (right hand) {Str+5 Int+4 Dex+5 Stlth+}
   (You bought it in a shop on level 2 of the Orcish Mines)

   [ring of strength]

   It affects your strength (+5).
   It affects your intelligence (+4).
   It affects your dexterity (+5).
   It makes you more stealthy.
Wands
 k - a wand of disintegration (5/24)
 l - a wand of disintegration (2/24)
 q - a wand of teleportation (1/9)
 B - a wand of disintegration (5/24)
 J - a wand of disintegration (12/24)
 K - a wand of digging (3/24)
 O - a wand of digging (10/24)
 R - a wand of digging (12/24)
Scrolls
 p - 3 scrolls of fear
 u - 2 scrolls of holy word
 w - 8 scrolls of fog
 D - 21 scrolls of remove curse
 E - 6 scrolls of blinking
 L - 11 scrolls of amnesia
 M - 8 scrolls of recharging
 Z - a scroll of identify
Potions
 g - 8 potions of lignification
 o - 8 potions of flight
 s - 2 potions of cancellation
 t - 5 potions of agility
 v - 2 potions of brilliance
 z - 3 potions of heal wounds
 N - 10 potions of curing
 Y - a potion of resistance
Miscellaneous
 T - a phantom mirror
Comestibles
 j - 13 bread rations


   Skills:
 - Level 12.4 Fighting
 - Level 10.7 Dodging
 - Level 1.8 Stealth
 - Level 9.9 Shields
 + Level 21.1 Spellcasting
 * Level 21.8 Conjurations
 - Level 10.8 Charms
 - Level 1.5 Summonings
 - Level 10.5 Fire Magic
 - Level 23.3 Air Magic
 * Level 15.1 Earth Magic


You had 7 spell levels left.
You knew the following spells:

 Your Spells              Type           Power        Failure   Level  Hunger
b - Bolt of Fire          Conj/Fire      #######...   1%          6    None
d - Magic Dart            Conj           ####         0%          1    None
o - Orb of Destruction    Conj           ########..   1%          7    ###....
p - Passage of Golubria   Tloc           N/A          14%         4    None
s - Lehudib's Crystal Sp  Conj/Erth      #######...   1%          8    #####..
t - Blink                 Tloc           N/A          1%          2    None
A - Aura of Abjuration    Summ           #####.....   21%         5    None
B - Fireball              Conj/Fire      #######...   1%          5    None
D - Delayed Fireball      Conj/Fire      N/A          1%          7    ###....
I - Iskenderun's Battles  Conj/Chrm      #######.     1%          5    None
T - Tornado               Air            ########..   4%          9    ######.
Z - Deflect Missiles      Chrm/Air       #######...   1%          6    None


Dungeon Overview and Level Annotations

Branches:
Dungeon (15/15)            Temple (1/1) D:4            Lair (6/6) D:11
  Swamp (4/4) Lair:3        Snake (4/4) Lair:2        Slime (5/5) Lair:6
    Orc (2/2) D:9             Elf (3/3) Orc:2        Vaults (4/5) D:13
 Depths (5/5) D:15            Zot (5/5) Depths:5
  Crypt: Vaults:2-3

Altars:
Cheibriados
Dithmenos
Elyvilon
Gozag
Makhleb
Nemelex Xobeh
Okawaru
Ru
Sif Muna
Uskayaw
Vehumet
Yredelemnul
The Shining One
Beogh
Jiyva
Lugonu

Shops:
D:8 :   D:11 !   Orc:2 =[*(   Snake:2 *   Depths:1 }=}   Depths:5 *%%[%

Portals:
Hell: Depths:3 Depths:4 Depths:5
Abyss: Depths:1 Depths:3 Depths:4
Pandemonium: Depths:3 Depths:4 Depths:5
Ziggurat: Depths:4
Trove: D:12 (give 5 potions of resistance)

Annotations:
D:2 1 exclusion, Sigmund
D:5 Blork the orc
D:6 exclusion: downstairs
D:11 exclusion: 3 downstairs
Lair:3 exclusion: downstairs
Snake:3 Vashnia
Elf:2 1 exclusion
Depths:3 exclusion: downstairs
Depths:4 exclusion: downstairs


Innate Abilities, Weirdness & Mutations

You can breathe blasts of noxious fumes.
Your lurid green scales are hard. (AC +12)
You cannot fit into any form of body armour.
Your tail ends in a poisonous barb.
Your system is resistant to poisons. (rPois)
You are cold-blooded and may be slowed by cold attacks.
You are clumsy. (Dex -2)
Your body sometimes deteriorates upon taking damage.
You are dopey. (Int -2)
You occasionally shout uncontrollably at your foes.


Message History

There is a stone staircase leading down, spattered with blood here.
(D) Dungeon (T) Temple (L) Lair (S) Swamp (P) Snake Pit (M) Slime Pits (O) Orcish Mines (E) Elven Halls (V) Vaults (U) Depths (H) Hell (Z) Zot
Where to? (Enter - D:1, ? - help)
You are near starving!
There is a stone staircase leading up here.
You climb upwards.
There is a stone staircase leading down here.
You climb downwards.
Level annotation: 1 exclusion, Sigmund
There is a stone staircase leading up here.
You can't go down here!
You climb upwards.
There is a stone staircase leading down here.
HP restored.
There is an open door here.
There is a dry fountain here.
There is a staircase leading out of the dungeon here.
You have escaped!

.#.####
##........#
†#...#
##........##
.###.#
#.........#
.# #.#
#..........#
.###.#
##........##
.....#
##.......#
####.#
####...##
### ##..#
##@# ###


There were no monsters in sight!

Vanquished Creatures
  the Royal Jelly (Slime:5)
  9 orbs of fire (Zot:5)
  3 ancient liches
  A juggernaut (Depths:4)
  3 Killer Klowns (Zot:5)
  2 caustic shrikes
  A curse toe (Zot:1)
  5 golden dragons
  A Tzitzimitl (Zot:4)
  3 electric golems
  9 tentacled monstrosities
  28 Orb Guardians
  2 deep elf master archers (Elf:3)
  A deep elf blademaster (Elf:3)
  22 acid blobs
  A titan (Depths:2)
  5 sphinxes
  Gastronok (Lair:1)
  5 quicksilver dragons
  The ghost of Archivist the Lord of Darkness, an adept DsGl of Kikubaaqudgha (Vaults:1)
  5 death cobs
  Kirke (Lair:6)
  3 thorn hunters
  2 shadow dragons (Zot:5)
  10 draconian monks
  12 storm dragons
  6 fire giants
  16 nagarajas
  12 azure jellies
  2 tengu reavers
  Donald (Snake:1)
  14 deep elf sorcerers
  An iron dragon (Depths:3)
  10 draconian knights
  7 frost giants
  13 vault wardens
  3 orc warlords (Orc:2)
  A balrug (Depths:4)
  5 draconian zealots
  Aizul (Swamp:1)
  Louise (D:14)
  6 draconian shifters
  6 draconian annihilators
  2 draconian scorchers
  6 deep elf elementalists (Elf:3)
  A reaper (Zot:1)
  4 draconian callers
  A corrupter (Depths:4)
  15 ironheart preservers
  An entropy weaver (Vaults:1)
  3 spriggan defenders
  20 stone giants
  4 deep elf demonologists
  2 vampire knights
  11 very ugly things
  20 green draconians
  Azrael (Orc:2)
  19 white draconians
  12 black draconians
  5 deep elf annihilators
  15 red draconians
  19 purple draconians
  11 mottled draconians
  6 dire elephants (Lair:6)
  A lorocyproca (D:3)
  9 yellow draconians
  A green death (Depths:4)
  5 death oozes
  4 deep elf death magi
  2 mummy priests (WizLab)
  10 ettins
  Josephine (D:15)
  12 great orbs of eyes
  A crystal guardian (Vaults:2)
  16 yaktaur captains
  10 ice dragons
  7 deep elf high priests
  13 fire dragons
  23 hydras
  A minotaur (Lab)
  13 vault guards
  A hell beast (Depths:5)
  12 naga warriors
  4 rakshasas
  2 ghost crabs (Swamp:4)
  A monstrous demonspawn (Depths:4)
  4 death knights
  10 centaur warriors
  A catoblepas (D:15)
  5 alligators
  9 anacondas
  13 ogre magi
  8 deep troll shamans
  A queen ant (shapeshifter) (Vaults:3)
  4 tengu warriors
  6 deep troll earth magi
  6 death yaks (Lair:5)
  7 spriggan berserkers
  An orc high priest (Orc:2)
  4 dancing weapons
  11 naga sharpshooters
  7 deep elf knights
  A sun demon (D:4)
  2 soul eaters
  Sonja (D:15)
  10 hell knights
  13 spriggans
  6 shock serpents
  2 fire crabs (shapeshifter)
  2 salamander mystics
  A fire crab (Swamp:4)
  2 skeletal warriors
  5 iron trolls
  A shadow wraith (Vaults:4)
  A torturous demonspawn (D:4)
  A sea snake (Snake:3)
  2 unseen horrors
  8 glowing orange brains
  2 death drakes (Depths:5)
  14 ironbrand convokers
  An entropy weaver zombie (WizLab)
  An unseen horror (shapeshifter) (Vaults:3)
  A wizard (Depths:4)
  7 flayed ghosts
  25 deep trolls
  A shambling mangrove (Swamp:3)
  5 naga ritualists
  9 deep elf archers
  7 hill giants
  7 swamp dragons
  4 lindwurms
  A phantasmal warrior (Vaults:4)
  4 harpies (Vaults:2)
  Pikel (D:5)
  3 necromancers
  11 orc knights
  A harpy (shapeshifter) (Depths:4)
  2 fire giant zombies (WizLab)
  58 ugly things
  3 wolf spiders
  6 mana vipers
  3 oklob plants (Lair:6)
  28 deep elf magi
  8 shining eyes
  7 cyclopes
  16 elephants
  8 orc sorcerers
  A wolf spider (shapeshifter) (Depths:2)
  A manticore (D:15)
  18 moths of wrath
  9 salamanders
  A demonspawn zombie (WizLab)
  17 guardian serpents
  33 black mambas
  A stone giant skeleton (Depths:1)
  16 vault sentinels
  2 rust devils
  A stone giant zombie (WizLab)
  12 naga magi
  3 smoke demons
  13 spiny frogs
  2 gargoyles (D:15)
  A guardian serpent (shapeshifter) (D:15)
  A spiny frog (shapeshifter) (Vaults:3)
  2 orange demons
  4 eyes of devastation
  A torpor snail (shapeshifter) (Depths:3)
  5 centaur skeletons
  57 yaktaurs
  2 spriggan zombies (WizLab)
  5 freezing wraiths
  An ice devil (Depths:5)
  4 rime drakes
  2 efreet
  12 komodo dragons
  4 tengu conjurers
  2 guardian mummies (WizLab)
  8 trolls
  2 jumping spiders (Vaults:1)
  A troll (shapeshifter) (Vaults:2)
  3 meliai (D:13)
  5 tyrant leeches
  2 wind drakes (Depths:5)
  2 polar bears (Lair:6)
  17 hornets
  A raiju (shapeshifter) (D:15)
  21 two-headed ogres
  A two-headed ogre (shapeshifter) (Depths:1)
  4 bog bodies
  10 blink frogs
  7 hippogriffs
  Prince Ribbit (D:9)
  A blink frog (shapeshifter) (Vaults:3)
  84 slime creatures
  A fire dragon zombie (WizLab)
  A frost giant simulacrum (Vaults:1)
  A meliai zombie (D:14)
  2 deep troll zombies (WizLab)
  An air elemental (Elf:2)
  18 water elementals
  8 wraiths
  3 shadows
  A redback (shapeshifter) (Vaults:4)
  5 wyverns
  A spriggan (shapeshifter) (Vaults:2)
  A tarantella (Vaults:1)
  5 hogs
  A hungry ghost (D:13)
  59 yaks
  6 fire elementals
  3 human simulacra
  A golden eye (shapeshifter) (Vaults:2)
  A neqoxec (D:9)
  2 steam dragons
  19 vampire mosquitoes
  5 wargs (Orc:2)
  4 mottled dragons
  21 nagas
  9 insubstantial wisps
  9 swamp worms
  A soldier ant (D:13)
  A tengu skeleton (Depths:1)
  13 water moccasins
  3 hell hounds
  10 porcupines
  12 swamp drakes
  A floating eye (Depths:2)
  38 orc warriors
  4 sky beasts
  2 black bears
  A necrophage (D:5)
  11 eyes of draining
  20 centaurs
  3 wolves (Lair:3)
  3 ice beasts
  9 boggarts
  11 crocodiles
  An eye of draining (shapeshifter) (Elf:1)
  50 ogres
  6 big kobolds
  17 bullfrogs
  2 elf zombies
  2 yaktaur zombies (WizLab)
  A deep troll simulacrum (Vaults:1)
  A glowing shapeshifter simulacrum (Vaults:3)
  5 earth elementals
  6 scorpions
  A water moccasin skeleton (D:9)
  2 wyvern skeletons
  18 killer bees
  An electric eel (D:14)
  3 howler monkeys
  5 centaur zombies
  18 crimson imps
  2 bullfrog zombies
  5 hounds
  2 jellies
  3 quasits
  A gnoll shaman (Orc:2)
  A bullfrog skeleton (D:13)
  A jelly (shapeshifter) (Depths:3)
  4 human zombies
  16 orc priests
  Crazy Yiuf (D:2)
  34 orc wizards
  Ijyb (D:2)
  4 iguanas
  12 worker ants
  A big kobold zombie (Ossuary)
  A hound skeleton (D:4)
  3 mummies
  3 worker ant zombies
  A howler monkey zombie (D:11)
  14 adders
  13 gnolls
  A howler monkey skeleton (D:8)
  A shadow imp (D:9)
  A white imp (D:7)
  An adder zombie (D:8)
  2 adder skeletons
  2 worms
  2 dart slugs
  3 leopard geckos
  131 orcs
  3 ball pythons
  8 giant cockroaches
  7 hobgoblins
  15 jackals
  5 quokkas
  11 bats
  3 frilled lizards
  6 goblins
  4 goblin zombies
  11 hobgoblin zombies (Ossuary)
  A jackal skeleton (D:5)
  14 kobolds
  9 kobold zombies (Ossuary)
  7 orc zombies (Ossuary)
  14 rats
  2 plants
2228 creatures vanquished.

Vanquished Creatures (collateral kills)
  A ghost moth (Zot:5)
1 creature vanquished.

Vanquished Creatures (others)
  A fire dragon (Depths:4)
  A hydra (Swamp:4)
  3 swamp dragons (Swamp:4)
  A lindwurm (Swamp:4)
  A yaktaur (D:13)
  A steam dragon (Swamp:4)
  A mottled dragon (Swamp:4)
  3 swamp drakes (Swamp:4)
  An ogre (Vaults:3)
  An ufetubus (D:12)
  An orc (Orc:2)
  A quokka (D:13)
  A bush (Lair:6)
  36 fungi
  37 plants
  10 toadstools (Swamp:1)
100 creatures vanquished.

Grand Total: 2329 creatures vanquished

Notes
Turn   | Place    | Note
-------+----------+-------------------------------------------
     0 | D:1      | Charly the Draconian Conjurer began the quest for the Orb.
     0 | D:1      | Reached XP level 1. HP: 14/14 MP: 3/3
   323 | D:1      | Reached XP level 2. HP: 20/20 MP: 0/5
   990 | D:1      | Reached XP level 3. HP: 26/26 MP: 1/6
  1165 | D:2      | Found a runed door.
  1262 | D:2      | Noticed Ijyb
  1284 | D:2      | Killed Ijyb
  1284 | D:2      | Reached skill level 5 in Conjurations
  1284 | D:2      | Reached XP level 4. HP: 15/33 MP: 0/7
  1788 | D:2      | Noticed Sigmund
  1932 | D:2      | Learned a level 4 spell: Iskenderun's Mystic Blast
  2260 | D:2      | Noticed Crazy Yiuf
  2274 | D:2      | Killed Crazy Yiuf
  2471 | D:3      | Found a faded altar of an unknown god.
  2556 | D:3      | Reached XP level 5. HP: 31/38 MP: 1/8
  3423 | D:4      | Reached XP level 6. HP: 38/45 MP: 0/10
  3791 | D:4      | Learned a level 5 spell: Iskenderun's Battlesphere
  3845 | D:4      | Reached skill level 1 in Charms
  4019 | D:5      | Entered Level 5 of the Dungeon
  4035 | D:4      | Found a staircase to the Ecumenical Temple.
  4044 | D:4      | Your scales start taking on a lurid green colour.
  4044 | D:4      | Reached XP level 7. HP: 47/50 MP: 11/11
  4044 | D:4      | Gained mutation: Your system is resistant to poisons. (rPois) [Green Draconian growth]
  4050 | Temple   | Entered the Ecumenical Temple
  4058 | Temple   | Became a worshipper of Vehumet
  4974 | D:5      | Reached * piety under Vehumet
  4974 | D:5      | Offered knowledge of Sandblast by Vehumet.
  4987 | D:5      | Noticed Blork the orc
  5286 | D:5      | Noticed Pikel
  5298 | D:5      | Killed Pikel
  5298 | D:5      | Reached XP level 8. HP: 57/57 MP: 1/14
  5654 | D:6      | Reached skill level 5 in Charms
  6344 | D:6      | Reached XP level 9. HP: 62/62 MP: 7/16
  6645 | D:7      | Offered knowledge of Freeze by Vehumet.
  6645 | D:7      | Reached skill level 5 in Spellcasting
  6786 | D:7      | Reached ** piety under Vehumet
  6786 | D:7      | Reached skill level 10 in Conjurations
  7237 | D:8      | Found a sand-covered staircase.
  7246 | Ossuary  | Entered an ossuary
  7541 | Ossuary  | Offered knowledge of Static Discharge by Vehumet.
  7683 | Ossuary  | Reached *** piety under Vehumet
  8359 | D:7      | Offered knowledge of Ignite Poison by Vehumet.
  8889 | D:8      | Found Kirybric's Book Emporium.
  8922 | D:8      | Reached **** piety under Vehumet
  8963 | D:8      | Reached XP level 10. HP: 62/69 MP: 5/19
  9032 | D:8      | Offered knowledge of Force Lance by Vehumet.
  9402 | D:10     | Entered Level 10 of the Dungeon
  9741 | D:9      | Noticed Prince Ribbit
  9755 | D:9      | Killed Prince Ribbit
 10226 | D:9      | Reached ***** piety under Vehumet
 10319 | D:9      | Offered knowledge of Bolt of Fire by Vehumet.
 10908 | D:9      | Found a staircase to the Orcish Mines.
 11012 | D:10     | Noticed a hill giant
 11043 | D:9      | Learned a level 6 spell: Bolt of Fire
 11205 | D:10     | Reached skill level 1 in Fire Magic
 11510 | D:11     | Noticed a hill giant
 11515 | D:11     | Killed a hill giant
 11516 | D:11     | Noticed a death knight
 11520 | D:11     | Killed a death knight
 11520 | D:11     | Reached XP level 11. HP: 74/74 MP: 6/22
 12062 | D:11     | Found a staircase to the Lair.
 12521 | D:11     | Found Kuofys's Distillery.
 12799 | D:12     | Noticed a four-headed hydra
 13460 | D:12     | Reached skill level 5 in Fire Magic
 13634 | D:12     | Killed a four-headed hydra
 13686 | D:12     | Found a portal to a secret trove of treasure.
 13792 | D:12     | Offered knowledge of Freezing Cloud by Vehumet.
 13913 | D:12     | Got a brightly glowing great sword
 14062 | Lair:1   | Entered Level 1 of the Lair of Beasts
 14228 | Lair:1   | Reached XP level 12. HP: 81/81 MP: 2/24
 14249 | Lair:1   | Identified the cursed +0 great sword "Nagauwid" {drain, -Tele Str+8 Int-2 SInv} (You found it on level 12 of the Dungeon)
 14339 | Lair:1   | Found a labyrinth entrance.
 14343 | Lair:1   | Noticed Gastronok
 14352 | Lab      | Entered a labyrinth
 14591 | Lab      | Noticed a minotaur
 14594 | Lab      | Killed a minotaur
 14598 | Lab      | Got a crude dagger
 14638 | Lab      | Identified the +3 dagger of the Swamp {speed, +Inv MP+9 Stlth+} (You found it in a labyrinth)
 15277 | Lair:1   | Killed Gastronok
 15331 | Lair:2   | Noticed a seven-headed hydra
 15532 | Lair:3   | Reached skill level 1 in Fighting
 15928 | Lair:2   | Found a staircase to the Snake Pit.
 16145 | Lair:2   | Killed a seven-headed hydra
 16286 | Lair:3   | Noticed a seven-headed hydra
 16287 | Lair:3   | Killed a seven-headed hydra
 16377 | Lair:3   | Found a staircase to the Swamp.
 16391 | Lair:3   | Reached skill level 5 in Fighting
 17239 | Lair:4   | Noticed a four-headed hydra
 17270 | Lair:4   | Noticed a six-headed hydra
 17391 | Lair:4   | Reached skill level 5 in Dodging
 17602 | Lair:4   | Got a pair of heavily runed gloves
 17613 | Lair:4   | Identified the +0 pair of gloves "Mebezen" {rPois Int+4 Dex-5} (You found it on level 4 of the Lair of Beasts)
 17662 | Lair:4   | Reached XP level 13. HP: 102/102 MP: 22/26
 17986 | Lair:4   | Found a sacrificial altar of Ru.
 18878 | Lair:5   | Reached skill level 15 in Conjurations
 19104 | Lair:5   | Reached skill level 10 in Spellcasting
 19548 | Lair:5   | Reached skill level 1 in Shields
 19693 | Lair:6   | Entered Level 6 of the Lair of Beasts
 19695 | Lair:6   | Offered knowledge of Bolt of Magma by Vehumet.
 19770 | Lair:6   | Got a crystal quarterstaff
 19779 | Lair:6   | Identified the +3 quarterstaff "Venoch" {flame, Str+4 Int-2 Dex+5} (You found it on level 6 of the Lair of Beasts)
 20471 | Lair:6   | Noticed Kirke
 20483 | Lair:6   | Found a staircase to the Slime Pits.
 20719 | Lair:6   | Gained mutation: Your tail ends in a poisonous barb. [Green Draconian growth]
 20719 | Lair:6   | Reached XP level 14. HP: 108/114 MP: 28/28
 21301 | Lair:6   | Killed Kirke
 21717 | Lair:6   | Reached skill level 5 in Shields
 23248 | D:13     | Offered knowledge of Lightning Bolt by Vehumet.
 23615 | D:13     | Found a gate to the Vaults.
 23905 | D:13     | Found a white marble altar of Elyvilon.
 24354 | D:14     | Got a heavily runed steel ring
 24356 | D:14     | Identified the ring of Okhiffus {+Fly Str+4 Dex+6} (You found it on level 14 of the Dungeon)
 24592 | D:14     | Noticed Louise
 24715 | D:14     | Got a dazzling dagger
 24716 | D:14     | Identified the +6 dagger "Bawn" {flame, Str+6} (You found it on level 14 of the Dungeon)
 24820 | D:15     | Entered Level 15 of the Dungeon
 24820 | D:15     | Noticed Josephine
 24991 | D:14     | Offered knowledge of Delayed Fireball by Vehumet.
 25000 | D:14     | Learned a level 7 spell: Delayed Fireball
 25062 | D:14     | Reached XP level 15. HP: 121/121 MP: 31/31
 25210 | D:14     | Killed Louise
 25720 | D:15     | Found a sparkling altar of Nemelex Xobeh.
 26238 | D:15     | Learned a level 5 spell: Fireball
 26309 | D:15     | Killed Josephine
 26712 | D:15     | Noticed Sonja
 26714 | D:15     | Killed Sonja
 27081 | D:15     | Found a staircase to the Depths.
 27260 | Orc:1    | Entered Level 1 of the Orcish Mines
 27282 | Orc:2    | Entered Level 2 of the Orcish Mines
 27282 | Orc:2    | Found a staircase to the Elven Halls.
 27286 | Orc:2    | Reached skill level 10 in Fire Magic
 27289 | Orc:2    | Noticed an orc warlord
 27853 | Orc:2    | Reached ****** piety under Vehumet
 27853 | Orc:2    | Offered knowledge of Orb of Destruction by Vehumet.
 27864 | Orc:2    | Learned a level 7 spell: Orb of Destruction
 28113 | Orc:2    | Noticed an orc warlord
 28118 | Orc:2    | Killed an orc warlord
 28122 | Orc:2    | Noticed an orc warlord
 28131 | Orc:2    | Killed an orc warlord
 28434 | Orc:2    | Found a roughly hewn altar of Beogh.
 28739 | Orc:2    | Found Qoutuir's Antique Armour Shoppe.
 28750 | Orc:2    | Found Qeawkase's Antique Weapon Shoppe.
 28757 | Orc:2    | Found Fapiq's General Store.
 28774 | Orc:2    | Found Vaf Taonu's Jewellery Shoppe.
 28890 | Orc:2    | Bought the ring of Meody {Str+5 Int+4 Dex+5 Stlth+} for 978 gold pieces
 28895 | Orc:2    | Bought an uncursed amulet of the gourmand for 420 gold pieces
 28918 | Orc:2    | Bought a pair of runed gloves for 262 gold pieces
 28937 | Orc:2    | Learned a level 6 spell: Deflect Missiles
 29179 | Swamp:1  | Entered Level 1 of the Swamp
 29404 | Swamp:1  | Noticed Aizul
 29410 | Swamp:1  | Killed Aizul
 29410 | Swamp:1  | Reached skill level 1 in Air Magic
 29423 | Lair:3   | Offered knowledge of Poison Arrow by Vehumet.
 29482 | Swamp:1  | Reached skill level 2 in Air Magic
 29682 | Swamp:1  | Noticed a thorn hunter
 30028 | Swamp:1  | Noticed a thorn hunter
 30030 | Swamp:1  | Killed a thorn hunter
 30030 | Swamp:1  | Reached skill level 3 in Air Magic
 30030 | Swamp:1  | Reached XP level 16. HP: 127/127 MP: 33/33
 30419 | Swamp:2  | Reached skill level 4 in Air Magic
 30792 | Swamp:3  | Gained mutation: You are agile. (Dex +2) [potion of mutation]
 30792 | Swamp:3  | Gained mutation: Your flesh is heat resistant. (rF+) [potion of mutation]
 30792 | Swamp:3  | Gained mutation: You can translocate small distances at will. [potion of mutation]
 30884 | Swamp:4  | Entered Level 4 of the Swamp
 30951 | Swamp:4  | Noticed a thorn hunter
 31014 | Swamp:3  | Noticed a thorn hunter
 31023 | Swamp:3  | Killed a thorn hunter
 31023 | Swamp:3  | Reached skill level 5 in Air Magic
 31250 | Swamp:4  | Killed a thorn hunter
 31656 | Swamp:4  | Reached skill level 6 in Air Magic
 31757 | Swamp:4  | Offered knowledge of Lehudib's Crystal Spear by Vehumet.
 31757 | Swamp:4  | Offered knowledge of Shatter by Vehumet.
 31757 | Swamp:4  | Offered knowledge of Tornado by Vehumet.
 32392 | Swamp:4  | Reached skill level 7 in Air Magic
 32764 | Swamp:4  | Got a decaying rune of Zot
 32959 | Snake:1  | Entered Level 1 of the Snake Pit
 32959 | Snake:1  | Noticed Donald
 33049 | Snake:1  | Killed Donald
 33059 | Snake:1  | Got an ichor-stained shield
 33070 | Snake:1  | Identified the cursed +0 shield of the Vaults {+Blink +Inv rC- MR-} (You took it off Donald on level 1 of the Snake Pit)
 33548 | Snake:2  | Reached skill level 8 in Air Magic
 33636 | Snake:3  | Noticed Vashnia
 33739 | Snake:2  | Found Qicixumn's Assorted Antiques.
 33776 | Snake:2  | Bought a shiny wooden wand for 116 gold pieces
 34075 | Snake:2  | Reached XP level 17. HP: 134/134 MP: 28/34
 34303 | Snake:4  | Entered Level 4 of the Snake Pit
 34494 | Snake:3  | Reached skill level 10 in Charms
 34583 | Snake:3  | Reached skill level 9 in Air Magic
 35630 | Snake:4  | Reached skill level 10 in Air Magic
 37546 | Snake:4  | Reached XP level 18. HP: 147/147 MP: 1/36
 37925 | Snake:4  | Reached skill level 10 in Fighting
 38208 | Snake:4  | Got a serpentine rune of Zot
 38545 | Vaults:1 | Entered Level 1 of the Vaults
 38681 | Vaults:1 | Got an encrusted buckler
 38692 | Vaults:1 | Identified the +2 buckler of Rooddaul {rC+} (You found it on level 1 of the Vaults)
 38784 | Vaults:1 | Noticed Archivist's ghost (adept DsGl)
 38788 | Vaults:1 | Killed Archivist's ghost
 39837 | Vaults:1 | Reached skill level 10 in Dodging
 40409 | Vaults:1 | Learned a level 9 spell: Tornado
 41082 | Vaults:2 | Reached XP level 19. HP: 161/161 MP: 36/37
 41094 | Vaults:2 | Reached skill level 11 in Air Magic
 42183 | Vaults:2 | Reached skill level 12 in Air Magic
 43017 | Vaults:3 | Reached skill level 13 in Air Magic
 43240 | Vaults:3 | Reached skill level 15 in Spellcasting
 44661 | Vaults:3 | Reached skill level 14 in Air Magic
 45176 | Vaults:3 | Reached XP level 20. HP: 169/169 MP: 7/39
 45678 | Vaults:3 | Reached skill level 15 in Air Magic
 46948 | Vaults:4 | Reached skill level 16 in Air Magic
 48443 | Depths:1 | Entered Level 1 of the Depths
 48707 | Depths:1 | Found a one-way gate to the infinite horrors of the Abyss.
 49431 | Depths:1 | Found Gemiysha's Gadget Shoppe.
 49431 | Depths:1 | Found Qikikk's Jewellery Boutique.
 49432 | Depths:1 | Found Iqew's Gadget Shoppe.
 49439 | Depths:1 | Bought an uncursed ring of protection from cold for 375 gold pieces
 49439 | Depths:1 | Bought the ring of Yrelas {rElec Str+4 Slay-4 SInv} for 309 gold pieces
 49493 | Depths:2 | Reached skill level 17 in Air Magic
 49811 | Depths:2 | Reached XP level 21. HP: 176/176 MP: 34/41
 50633 | Depths:2 | Identified the +9 falchion of the Establishment {venom, rF+ rN+ Str+3 Int-5} (You found it on level 2 of the Depths)
 51066 | Depths:3 | Reached skill level 18 in Air Magic
 51502 | Depths:3 | Found a magical portal.
 51507 | WizLab   | Entered Doroklohe's Tomb
 51815 | WizLab   | Noticed an ancient lich
 51825 | WizLab   | Killed an ancient lich
 52247 | Depths:3 | Found a one-way gate leading to the halls of Pandemonium.
 52282 | Depths:3 | Found a gateway to Hell.
 52332 | Depths:2 | Paralysed by a great orb of eyes for 7 turns
 52673 | Depths:4 | Noticed a caustic shrike
 52998 | Depths:3 | Noticed a caustic shrike
 53036 | Depths:3 | Killed a caustic shrike
 53463 | Depths:3 | Reached skill level 19 in Air Magic
 53615 | Depths:4 | Found a gateway to a ziggurat.
 53616 | Depths:4 | Killed a caustic shrike
 53639 | Depths:4 | Noticed a juggernaut
 54110 | Depths:4 | Killed a juggernaut
 54419 | Depths:5 | Entered Level 5 of the Depths
 54419 | Depths:5 | Found Baisibb's Food Boutique.
 54600 | Depths:3 | Reached XP level 22. HP: 171/183 MP: 43/43
 54920 | Depths:4 | Found a corrupted altar of Lugonu.
 55544 | Depths:4 | Reached skill level 20 in Air Magic
 55938 | Depths:5 | Found Vennos's General Store.
 55946 | Depths:5 | Bought a scroll of blinking for 127 gold pieces
 55997 | Depths:5 | Noticed a golden dragon
 56002 | Depths:5 | Noticed a golden dragon
 56006 | Depths:5 | Killed a golden dragon
 56844 | Depths:4 | Killed a golden dragon
 57068 | Depths:5 | Found Nilit's Food Shoppe.
 57070 | Depths:5 | Found Uciqienn's Food Emporium.
 57359 | Depths:5 | Found Wycrop's Antique Armour Emporium.
 57494 | Depths:5 | Reached skill level 21 in Air Magic
 57496 | Depths:5 | Noticed a golden dragon
 57512 | Depths:5 | Killed a golden dragon
 58296 | Depths:5 | Found a gate to the Realm of Zot.
 58675 | Orc:2    | Bought a cursed ring of positive energy for 238 gold pieces
 58718 | Orc:2    | Noticed Azrael
 58723 | Orc:2    | Killed Azrael
 58792 | Elf:1    | Entered Level 1 of the Elven Halls
 58910 | Elf:1    | Reached XP level 23. HP: 190/190 MP: 45/45
 59296 | Elf:2    | Found a radiant altar of Vehumet.
 59361 | Elf:3    | Entered Level 3 of the Elven Halls
 59845 | Elf:3    | Reached skill level 22 in Air Magic
 59899 | Elf:3    | Identified the +2 falchion of Gallantry {freeze, rC+ Dex-5 Stlth+} (You took it off a deep elf mage on level 3 of the Elven Halls)
 60245 | Elf:3    | Identified the +1 trident of Cruel Justice {drain, Str+5} (You took it off a deep elf high priest on level 3 of the Elven Halls)
 60535 | Elf:3    | Identified the amulet of Tutu Pee {Spirit rElec} (You took it off a deep elf sorcerer on level 3 of the Elven Halls)
 60537 | Elf:3    | Got a scorched golden ring
 60539 | Elf:3    | Identified the ring of the Garden {rPois rC+ Slay+3 SInv} (You took it off a deep elf high priest on level 3 of the Elven Halls)
 60572 | Elf:3    | Learned a level 2 spell: Sublimation of Blood
 60629 | Elf:3    | Got a brightly glowing jade amulet
 60631 | Elf:3    | Identified the amulet "Xoorhaso" {Reflect -Tele +Fly Int+2 SH+5} (You took it off a deep elf mage on level 3 of the Elven Halls)
 61107 | Slime:1  | Entered Level 1 of the Pits of Slime
 61116 | Slime:1  | Gained mutation: You are frail. (-10% HP) [a shining eye]
 61131 | Slime:1  | Lost mutation: Your flesh is heat resistant. (rF+) [potion of cure mutation]
 61131 | Slime:1  | Lost mutation: You are agile. (Dex +2) [potion of cure mutation]
 61592 | Slime:5  | Entered Level 5 of the Pits of Slime
 61610 | Slime:5  | Noticed the Royal Jelly
 61853 | Slime:5  | Reached skill level 23 in Air Magic
 62167 | Slime:5  | Found a viscous altar of Jiyva.
 62551 | Slime:5  | Killed the Royal Jelly
 63152 | Slime:4  | Reached XP level 24. HP: 178/178 MP: 27/46
 63574 | Slime:5  | Identified the +8 long sword "Jiowa" {elec, *Rage +Inv Int+2} (You found it on level 5 of the Pits of Slime)
 63583 | Slime:5  | Got a bloodstained buckler
 63594 | Slime:5  | Identified the +3 buckler of Iqakhiv {rPois Regen+ Str+2 Stlth-} (You found it on level 5 of the Pits of Slime)
 63627 | Slime:5  | Got a pitted cloak
 63638 | Slime:5  | Identified the cursed +0 cloak of Listlessness {rPois} (You found it on level 5 of the Pits of Slime)
 63676 | Slime:5  | Got a slimy rune of Zot
 63692 | Slime:5  | Learned a level 5 spell: Aura of Abjuration
 63711 | Slime:5  | Learned a level 2 spell: Blink
 63716 | Slime:5  | Learned a level 4 spell: Passage of Golubria
 63829 | Lair:5   | Reached skill level 1 in Summonings
 64176 | D:15     | Learned a level 8 spell: Lehudib's Crystal Spear
 64310 | Depths:5 | Bought a potion of cure mutation for 425 gold pieces
 64310 | Depths:5 | Lost mutation: You are frail. (-10% HP) [potion of cure mutation]
 64310 | Depths:5 | Lost mutation: You can translocate small distances at will. [potion of cure mutation]
 64385 | Zot:1    | Entered Level 1 of the Realm of Zot
 64388 | Zot:1    | Reached skill level 1 in Earth Magic
 65828 | Zot:3    | Reached skill level 5 in Earth Magic
 67096 | Zot:5    | Entered Level 5 of the Realm of Zot
 67119 | Zot:5    | Noticed an orb of fire
 67128 | Zot:5    | Killed an orb of fire
 68924 | Zot:5    | Reached XP level 25. HP: 193/204 MP: 15/47
 69653 | Zot:5    | Reached skill level 10 in Earth Magic
 69788 | Zot:5    | Noticed an orb of fire
 69796 | Zot:5    | Killed an orb of fire
 69851 | Zot:5    | Noticed an ancient lich
 69855 | Zot:5    | Noticed an orb of fire
 69864 | Zot:5    | Killed an orb of fire
 69868 | Zot:5    | Noticed an orb of fire
 69870 | Zot:5    | Gained mutation: You occasionally shout uncontrollably at your foes. [an orb of fire]
 69878 | Zot:5    | Killed an orb of fire
 70382 | Zot:5    | Noticed an orb of fire
 70862 | Zot:5    | Killed an ancient lich
 71000 | Zot:5    | Noticed an ancient lich
 71004 | Zot:5    | Noticed an orb of fire
 71005 | Zot:5    | Killed an ancient lich
 71025 | Zot:5    | Gained mutation: You are dopey. (Int -2) [an orb of fire]
 71535 | Zot:5    | Gained mutation: You are clumsy. (Dex -2) [an orb of fire]
 71548 | Zot:5    | Killed an orb of fire
 71915 | Zot:5    | Noticed an orb of fire
 71919 | Zot:5    | Killed an orb of fire
 72197 | Zot:5    | Gained mutation: Your body sometimes deteriorates upon taking damage. [an orb of fire]
 72198 | Zot:5    | Killed an orb of fire
 72380 | Zot:4    | Reached XP level 26. HP: 203/212 MP: 42/47
 73011 | Zot:5    | Noticed an orb of fire
 73019 | Zot:5    | Killed an orb of fire
 74060 | Zot:5    | Noticed an orb of fire
 74065 | Zot:5    | Killed an orb of fire
 74667 | Zot:5    | Got the Orb of Zot
 74919 | Zot:3    | Noticed Rueggec the pandemonium lord
 74920 | Zot:3    | Noticed Lyhev the pandemonium lord
 75132 | Depths:4 | Reached skill level 15 in Earth Magic
 75468 | D:12     | Noticed Miqupsytze the pandemonium lord
 75869 | D:$      | Escaped with the Orb!

Skill      XL: |  1  2  3  4  5  6  7  8  9 10 11 12 13 14 15 16 17 18 19 20 21 22 23 24 25 26 |
---------------+-------------------------------------------------------------------------------+-----
Dodging        | 2 5 6 8 10 | 10.7
Conjurations   | 5 6 7 8 9 11 13 14 15 16 17 19 20 21 | 21.8
Spellcasting   | 3 4 6 7 8 9 10 12 13 14 15 16 17 18 19 20 21 | 21.1
Charms         | 1 4 5 6 9 10 | 10.8
Fire Magic     | 3 7 8 10 | 10.5
Fighting       | 6 7 9 12 | 12.4
Shields        | 3 7 9 |  9.9
Air Magic      | 3 8 10 14 17 19 21 23 | 23.3
Summonings     | 1 |  1.5
Earth Magic    | 9 12 15 | 15.1
Stealth        | |  1.8

Action                   |  1- 3 |  4- 6 |  7- 9 | 10-12 | 13-15 | 16-18 | 19-21 | 22-24 | 25-27 || total
-------------------------+-------+-------+-------+-------+-------+-------+-------+-------+-------++-------
Melee: Unarmed           |    33 |       |       |       |       |       |       |    14 |       ||    47
       Tailslap          |     3 |     5 |    14 |     6 |     7 |     6 |    13 |     7 |       ||    61
       Whip              |       |    65 |   100 |    30 |       |       |       |       |       ||   195
       Staff             |       |       |       |     2 |    39 |     8 |     8 |    29 |     9 ||    95
       Great sword       |       |       |       |     8 |       |       |       |       |       ||     8
       Falchion          |       |       |       |       |       |       |    61 |       |       ||    61
 Fire: Blowgun           |       |     2 |       |       |       |       |       |       |       ||     2
 Cast: Magic Dart        |    75 |   104 |   266 |   330 |    78 |    15 |     6 |     3 |       ||   877
       Iskenderun's Myst |       |    15 |    34 |    41 |    37 |    79 |    61 |    93 |       ||   360
       Iskenderun's Batt |       |       |    24 |    66 |    26 |    12 |     6 |     6 |       ||   140
       Bolt of Fire      |       |       |       |   106 |   477 |   460 |   548 |   543 |   229 ||  2363
       Delayed Fireball  |       |       |       |       |     6 |     7 |    11 |    13 |     4 ||    41
       Fireball          |       |       |       |       |    31 |    55 |    87 |    47 |     6 ||   226
       Deflect Missiles  |       |       |       |       |       |     5 |     5 |     9 |     5 ||    24
       Orb of Destructio |       |       |       |       |       |       |    29 |    53 |    22 ||   104
       Tornado           |       |       |       |       |       |       |     1 |    35 |    14 ||    50
       Lehudib's Crystal |       |       |       |       |       |       |       |    26 |   102 ||   128
       Blink             |       |       |       |       |       |       |       |     2 |     3 ||     5
 Abil: Breathe Noxious F |       |       |     2 |     1 |       |       |       |       |       ||     3
       Release Delayed F |       |       |       |       |     6 |     7 |    10 |    11 |     5 ||    39
       Evoke Flight      |       |       |       |       |     1 |       |       |       |       ||     1
Evoke: Wand              |       |     2 |     2 |     7 |     4 |     4 |     1 |     7 |    24 ||    51
       Rod               |       |       |       |     3 |       |       |       |       |       ||     3
       Sack of spiders   |       |       |       |       |     1 |     1 |       |     1 |       ||     3
  Use: Scroll            |     1 |     5 |    10 |    14 |    10 |     5 |    20 |    21 |     6 ||    92
       Potion            |       |       |       |     2 |       |     2 |     9 |    21 |    10 ||    44
 Stab: Confused          |       |       |     2 |       |       |       |       |       |       ||     2
       Sleeping          |       |       |     2 |       |       |       |       |       |       ||     2
       Held in net/web   |       |       |       |       |     1 |       |       |       |       ||     1
       Paralysed         |       |       |       |       |       |     2 |       |       |       ||     2
  Eat: Chunk             |     2 |    11 |    16 |    57 |   133 |    83 |    81 |    55 |    36 ||   474
       Fruit             |       |     1 |     5 |     4 |     7 |     3 |     5 |     6 |       ||    31
       Beef jerky        |       |       |     2 |     1 |     1 |       |       |     3 |       ||     7
       Pizza             |       |       |     1 |     4 |     2 |       |     1 |     2 |       ||    10
       Meat ration       |       |       |     1 |     2 |     4 |       |       |     1 |     1 ||     9
       Royal jelly       |       |       |       |     1 |       |       |     1 |       |       ||     2
       Bread ration      |       |       |       |     1 |     4 |     5 |       |       |       ||    10
Armor: Skin              |    18 |    35 |    59 |    70 |    52 |    35 |    40 |   188 |    67 ||   564
Dodge: Dodged            |    24 |    43 |   101 |   144 |   107 |   100 |   189 |   351 |   175 ||  1234
       Deflected         |       |       |       |       |       |    32 |    38 |    83 |    31 ||   184
Block: Buckler           |       |       |       |       |    18 |     7 |   106 |   163 |    90 ||   384
       Shield            |       |       |       |       |    66 |    99 |       |       |       ||   165
       Reflection        |       |       |       |       |     3 |       |       |       |       ||     3
       Rpst.: Great sword |       |       |       |     2 |       |       |       |       |       ||     2
       Falchion          |       |       |       |       |       |       |    15 |       |       ||    15
